 Dungeon Crawl Stone Soup version 0.29.1-1-gd02db6906a (webtiles) character file.

Game seed: 17445392814123955162

2304 AlexRAT the Cleaver (level 9, 0/79 HPs)
             Began as a Minotaur Berserker on Oct 13, 2022.
             Was an Elder of Trog.
             Slain by a gargoyle
             ... wielding a +0 mace
              (7 damage)
             ... on level 7 of the Dungeon.
             The game lasted 00:07:20 (5764 turns).

AlexRAT the Cleaver (Minotaur Berserker)            Turns: 5764, Time: 00:07:20

Health: 0/79       AC: 14    Str: 25    XL:     9   Next: 18%
Magic:  8/8        EV:  8    Int:  4    God:    Trog [****..]
Gold:   378        SH:  0    Dex: 11    Spells: 8/8 levels left

rFire   . . .      SeeInvis .   t - +1 hand axe (flame)
rCold   . . .      Faith    .   (no shield)
rNeg    . . .      Spirit   .   c - +0 plate armour
rPois   .          Reflect  .   (helmet restricted)
rElec   .          Harm     .   (no cloak)
rCorr   .          Rampage  .   (no gloves)
Will    .....                   (no boots)
Stlth   ..........              (no amulet)
HPRegen 0.23/turn               (no ring)
MPRegen 0.11/turn               (no ring)

@: no status effects
A: horns 2, retaliatory headbutt
a: Renounce Religion, Berserk, Trog's Hand, Brothers in Arms


You were on level 7 of the Dungeon.
You worshipped Trog.
Trog was greatly pleased with you.
You visited 1 branch of the dungeon, and saw 7 of its levels.
You also visited: Ossuary.

You collected 441 gold pieces.
You spent 63 gold pieces at shops.

Inventory:

Hand Weapons
 a - a +0 hand axe
 t - a +1 hand axe of flaming (weapon)
Armour
 b - a +0 animal skin
 c - a +0 plate armour (worn)
Wands
 m - a wand of light (6)
 r - a wand of roots (20)
Scrolls
 d - 2 scrolls of poison {unknown}
 i - 2 scrolls of teleportation
 j - 2 scrolls of enchant weapon {unknown}
 k - a scroll of brand weapon {unknown}
 n - 4 scrolls of immolation {unknown}
 p - 2 scrolls of amnesia {unknown}
 q - 6 scrolls of identify {unknown}
 s - a scroll of noise {unknown}
 v - a scroll of enchant armour {unknown}
 w - a scroll of acquirement {unknown}
 x - 3 scrolls of butterflies {unknown}
 y - a scroll of summoning {unknown}
Potions
 e - 6 potions of brilliance {unknown}
 f - 6 potions of curing
 g - 2 potions of mutation {unknown}
 h - 2 potions of degeneration {unknown}
 l - 2 potions of cancellation {unknown}
 o - 3 potions of lignification {unknown}
 u - 2 potions of attraction {unknown}
 z - a potion of resistance {unknown}
 A - a potion of magic {unknown}
 B - 3 potions of flight {unknown}
 C - a potion of haste {unknown}


   Skills:
 + Level 7.0 Fighting
 + Level 10.5 Axes
 + Level 9.1 Armour
 + Level 2.9 Dodging


You had 8 spell levels left.
You didn't know any spells.
Your spell library was empty.

Dungeon Overview and Level Annotations

Branches:
Dungeon (7/15)             Temple (0/1) D:6         Ossuary (visited)

Altars:
Ashenzari
Kikubaaqudgha
Makhleb
Sif Muna
Uskayaw

Shops:
D:1 *(*=*   D:4 !   D:5 ?

Annotations:
D:5 1 runed translucent door, Exporg's ghost, amateur FoFi


Innate Abilities, Weirdness & Mutations

You have a pair of horns on your head.
You reflexively headbutt those who attack you in melee.


Message History

The gargoyle is moderately damaged.
You hit the gargoyle. You burn the gargoyle.
The gargoyle is heavily damaged.
The gargoyle hits you with a +0 mace!
You hit the gargoyle but do no damage. Your headbutt misses the gargoyle.
The gargoyle is heavily damaged.
The gargoyle hurls a stone arrow at you.
The stone arrow misses you.
You hit the gargoyle. You burn the gargoyle. Your punch misses the gargoyle.
The gargoyle is heavily damaged.
The gargoyle hits you but does no damage.
You barely miss the gargoyle.
The gargoyle is heavily damaged.
The gargoyle hurls a stone arrow at you.
The stone arrow misses you.
You barely miss the gargoyle. You headbutt the gargoyle!
The gargoyle is almost destroyed.
You hit the gargoyle but do no damage. Your headbutt misses the gargoyle.
The gargoyle is almost destroyed.
The gargoyle hurls a stone arrow at you.
The stone arrow hits you!!
You are too injured to fight recklessly!
You hit the gargoyle but do no damage. Your headbutt misses the gargoyle.
The gargoyle is almost destroyed.
The gargoyle hits you with a +0 mace!
* * * LOW HITPOINT WARNING * * *
You barely miss the gargoyle.
The gargoyle is almost destroyed.
The gargoyle hits you with a +0 mace!
* * * LOW HITPOINT WARNING * * *
You barely miss the gargoyle.
The gargoyle is almost destroyed.
You hit the gargoyle but do no damage. Your headbutt misses the gargoyle.
The gargoyle is almost destroyed.
The gargoyle misses you.
You hit the gargoyle but do no damage.
You headbutt the gargoyle, but do no damage.
The gargoyle is almost destroyed.
The gargoyle hits you with a +0 mace!
You die...

#.### ..#.## ..
##......... .....#
#.##.......... ......
.#............! ...# ..
...........?... ...##..
............... .......
).............. .......
.......9....... ....###
#...@......# ...##
#........... .###
#........... .#.##
#.......###. ....#
#...!..## ....#
#......#..
....#########..........
........................
........................


You could see a gargoyle.

Vanquished Creatures
  Grinder (D:6)
  3 yaks (D:7)
  2 water moccasins
  3 black bears
  An ice beast (D:6)
  2 ogres
  A kobold brigand (D:6)
  A bullfrog (D:6)
  5 wights (D:6)
  A howler monkey (D:4)
  3 orc priests
  A gnoll bouda (D:7)
  An iguana (D:5)
  8 mummies (Ossuary)
  5 gnolls (D:7)
  11 adders
  2 ufetubi (D:5)
  A worm (D:2)
  26 orcs
  4 bats
  6 endoplasms
  5 giant cockroaches
  A gnoll zombie (Ossuary)
  4 goblins
  9 hobgoblins
  11 kobolds
  2 quokkas
  2 ball pythons
  3 frilled lizards
  4 kobold zombies (Ossuary)
  3 orc zombies (Ossuary)
  5 rats
137 creatures vanquished.

Vanquished Creatures (others)
  A plant (D:1)
1 creature vanquished.

Grand Total: 138 creatures vanquished

Notes
Turn   | Place    | Note
-------+----------+-------------------------------------------
     0 | D:1      | AlexRAT the Minotaur Berserker began the quest for the Orb.
     0 | D:1      | Reached XP level 1. HP: 19/19 MP: 0/0
   144 | D:1      | Found Oresuire's Assorted Antiques.
   370 | D:1      | Found Wuumugel's General Store.
   373 | D:1      | Reached XP level 2. HP: 27/27 MP: 1/1
   378 | D:1      | Reached skill level 4 in Axes
   478 | D:1      | Found Viufusox's Weapon Boutique.
   521 | D:1      | Bought a scroll of teleportation for 33 gold pieces
   713 | D:1      | Found Fiew's Assorted Antiques.
   729 | D:1      | Found a faded altar of an unknown god.
   798 | D:1      | Found Japh's Jewellery Emporium.
  1103 | D:2      | Reached XP level 3. HP: 31/33 MP: 2/2
  1135 | D:2      | Reached ** piety under Trog
  1591 | D:2      | Found a broken altar of Ashenzari.
  2623 | D:3      | Reached XP level 4. HP: 40/40 MP: 3/3
  2720 | D:4      | Noticed an ogre
  2722 | D:4      | Reached skill level 5 in Axes
  2803 | D:4      | Reached XP level 5. HP: 45/47 MP: 4/4
  2816 | D:4      | Killed an ogre
  2817 | D:4      | Reached skill level 6 in Axes
  2988 | D:4      | Found an ancient bone altar of Kikubaaqudgha.
  3243 | D:4      | Found Peeviagg's Distillery.
  3246 | D:4      | Bought a potion of curing for 30 gold pieces
  3370 | D:4      | Noticed a black bear
  3380 | D:4      | Killed a black bear
  3381 | D:4      | Reached XP level 6. HP: 51/55 MP: 5/5
  3444 | D:5      | Entered Level 5 of the Dungeon
  3483 | D:5      | Identified the +2 sling of Earthquakes {speed, rPois rF+
                  | Int-4}
  3507 | D:5      | Reached skill level 5 in Armour
  3508 | D:5      | Reached skill level 7 in Axes
  3516 | D:5      | Reached *** piety under Trog
  3517 | D:5      | Reached skill level 5 in Fighting
  3517 | D:5      | Reached XP level 7. HP: 61/61 MP: 6/6
  3630 | D:5      | Found a runed translucent door.
  3630 | D:5      | Noticed Exporg's ghost (amateur FoFi)
  3641 | D:5      | Found Emmoekagu's Magic Scroll Boutique.
  4209 | D:5      | Found a shimmering blue altar of Sif Muna.
  4317 | D:6      | Reached skill level 8 in Axes
  4336 | D:6      | Found a sand-covered staircase.
  4341 | Ossuary  | Entered an ossuary
  4405 | Ossuary  | Reached XP level 8. HP: 64/68 MP: 7/7
  4785 | D:6      | Found a hide-covered altar of Uskayaw.
  4814 | D:6      | Noticed Grinder
  4825 | D:6      | Killed Grinder
  4826 | D:6      | Reached skill level 9 in Axes
  5355 | D:6      | Found a staircase to the Ecumenical Temple.
  5392 | D:6      | Reached **** piety under Trog
  5395 | D:6      | Reached skill level 10 in Axes
  5438 | D:6      | Found a burning altar of Makhleb.
  5487 | D:7      | Reached XP level 9. HP: 55/78 MP: 8/8
  5745 | D:7      | Noticed a gargoyle
  5764 | D:7      | Slain by a gargoyle

Illustrated notes

Levels and vault maps discovered:
D:1:      scummos_arrival_simple_fountains, layout_loops_ring, serial_shops,
          nicolae_shop_waterfront, nicolae_shop_statue_plus, shop,
          nicolae_lakefront_shop, nicolae_diamond_shop,
          dreamdust_ecumenical_altar_grove
D:2:      layout_basic, basic_altar, minmay_vboxes
D:3:      layout_loops_ring, minmay_misc_feat_secret_circle
D:4:      black_bear_nest_1, layout_rooms, mainiacjoe_overflow_alcove_1,
          serial_shops, kennysheep_mini_moat
D:5:      layout_basic, nicolae_sif_muna_little_library, serial_shops, shop,
          hellmonk_ghost_happy_afterlife
D:6:      layout_cave_pools, marbit_many_paths, nicolae_uskayaw_dance_hall,
          minmay_temple_entry_large_hall, enter_ossuary_5, uniq_grinder
D:7:      layout_cave_pools, mainiacjoe_overflow_alcove_4, lemuel_round_altar,
          uniq_joseph, uniq_menkaure

Skill      XL: |  1  2  3  4  5  6  7  8  9 |
---------------+----------------------------+-----
Fighting       | 4 5 6 7 |  7.0
Axes           | 4 5 6 7 8 10 | 10.5
Armour         | 3 4 5 7 8 9 |  9.1
Dodging        | |  2.9

Action                   |  1- 3 |  4- 6 |  7- 9 || total
-------------------------+-------+-------+-------++-------
Melee: Hand axe          |   106 |    82 |   153 ||   341
       Headbutt          |    12 |     9 |    39 ||    60
       Punch             |     1 |     1 |     6 ||     8
Invok: Berserk           |       |     2 |     3 ||     5
Armor: Plate armour      |    60 |    60 |    85 ||   205
Dodge: Dodged            |    42 |    26 |    55 ||   123
